 Dungeon Crawl Stone Soup version 0.31-a0-176-g91f28db67f (webtiles) character file.

Game seed: 2530146210027281835

247 Pixllover the Chopper (level 5, 0/47 HPs)
             Began as a Minotaur Fighter on June 18, 2023.
             Slain by Sigmund
             ... wielding a +0 scythe of flaming
              (6 damage)
             ... on level 3 of the Dungeon.
             The game lasted 00:04:56 (2198 turns).

Pixllover the Chopper (Minotaur Fighter)            Turns: 2198, Time: 00:04:56

Health: 0/47       AC:  8    Str: 20 (22) XL:     5   Next: 85%
Magic:  4/4        EV:  9    Int:  3 (5)  God:
Gold:   148        SH:  4    Dex:  7 (10) Spells: 4/4 levels left

rFire   . . .        a - +0 war axe
rCold   . . .        c - +0 buckler
rNeg    . . .        b - +0 scale mail
rPois   .            (helmet restricted)
rElec   .            (no cloak)
rCorr   .            j - +0 pair of gloves
SInv    .            (no boots)
Will    .....        (no amulet) Stlth
                     (no ring)
HPRegen 0.27/turn    (no ring)
MPRegen 0.09/turn

%: no passive effects
@: no status effects
A: horns 2, retaliatory headbutt
a: no special abilities


You were on level 3 of the Dungeon.
You visited 1 branch of the dungeon, and saw 3 of its levels.

You collected 148 gold pieces.

Inventory:

Hand Weapons
 a - a +0 war axe (weapon)
Armour
 b - a +0 scale mail (worn)
 c - a +0 buckler (worn)
 j - a +0 pair of gloves (worn)
Wands
 n - a wand of polymorph (12)
Scrolls
 i - 2 scrolls of teleportation {unknown}
 k - a scroll of noise {unknown}
 l - 2 scrolls of identify
 m - a scroll of fog {unknown}
Potions
 d - a potion of might
 e - 2 potions of magic
 g - a potion of lignification {unknown}
 h - 2 potions of mutation {unknown}


   Skills:
 + Level 4.7 Fighting
 + Level 5.0 Axes
 + Level 4.9 Armour
 + Level 1.4 Dodging
 + Level 0.5 Stealth
 + Level 4.2 Shields


You had 4 spell levels left.
You didn't know any spells.
Your spell library contained the following spells:

 Spells                   Type           Power      Damage    Failure   Level
 Foxfire                  Conj/Fire      0%         2x1d4     90%         1
 Blink                    Tloc           0%         N/A       97%         2
 Lesser Beckoning         Tloc           0%         N/A       97%         2
 Momentum Strike          Conj/Tloc      0%         3d8       97%         2
 Fireball                 Conj/Fire      0%         3d3       100%        5
 Plasma Beam              Fire/Air       0%         2x1d10    100%        6
 Starburst                Conj/Fire      0%         6d3       100%        6


Dungeon Overview and Level Annotations

Branches:
Dungeon (3/15)

Altars:

Shops:
D:3 =[*

Annotations:
D:3 Sigmund


Innate Abilities, Weirdness & Mutations

You have a pair of horns on your head.
You reflexively headbutt those who attack you in melee.


Message History

You kill the ball python!
Found 19 gold pieces.
The dart slug bites you but does no damage.
You slash the dart slug!
You kill the dart slug!
Your Axes skill increases to level 5!
Found a crooked bronze wand.
You now have 148 gold pieces (gained 19).
n - a wand of polymorph (12)
Found a stone staircase leading down.
Found a scroll of identify.
l - 2 scrolls of identify (gained 1) Sigmund the Dreaded comes into view.
He is wielding a +0 scythe of flaming.
Sigmund shouts!
Sigmund mumbles some strange words.
Sigmund flickers and vanishes!
Deactivating autopickup; reactivate with Ctrl-A.
A magic dart appears from out of thin air!
The magic dart hits you but does no damage.
Something tries to affect you, but you resist.
You hear some strange, mumbled words.
A puff of flame appears from out of thin air!
The puff of flame hits you.
You closely miss something. Something hits you but does no damage.
You miss something. Something completely misses you.
You hit something. Something hits you but does no damage.
You barely miss something. Something hits you but does no damage.
You closely miss something. Something hits you. Something burns you.
You miss something. Something hits you! Something burns you.
You miss something. You closely miss something. Something hits you.
Something burns you.
You miss something. Something hits you!
* * * LOW HITPOINT WARNING * * *
Something burns you.
* * * LOW HITPOINT WARNING * * *
It was a potion of degeneration.
There was something very wrong with that liquid.
You feel weakened.
You feel dopey.
You feel clumsy. Something hits you.
You die...

##....#...# #######.###########
....###...# #..# ..<## #####
##.######## ...#########
#######........###
.∩.........#####...##...#####...#
...#######...............## ###..
##.# #####............# ### ..#
#............# #.##
#.{@.........# #.
................## #.
#######...##...## #. ##########


There were no monsters in sight!

Vanquished Creatures
  The ghost of paps the Caller, an amateur OpSu (D:3)
  A jelly (D:3)
  3 adders (D:2)
  A worm (D:3)
  5 dart slugs
  4 bats
  6 endoplasms
  A giant cockroach (D:2)
  5 goblins
  5 hobgoblins
  3 jackals (D:2)
  7 kobolds
  2 quokkas
  6 ball pythons
  4 frilled lizards
  3 rats
57 creatures vanquished.

Notes
Turn   | Place    | Note
-------+----------+-------------------------------------------
     0 | D:1      | Pixllover the Minotaur Fighter began the quest for the Orb.
     0 | D:1      | Reached XP level 1. HP: 19/19 MP: 0/0
   124 | D:1      | Reached XP level 2. HP: 8/27 MP: 1/1
   441 | D:1      | Reached skill level 3 in Axes
   629 | D:2      | Reached XP level 3. HP: 30/33 MP: 2/2
   953 | D:2      | Reached XP level 4. HP: 40/41 MP: 3/3
  1532 | D:3      | Found Ekhih's Jewellery Boutique.
  1563 | D:3      | Found a runed translucent door.
  1576 | D:3      | Noticed paps's ghost (amateur OpSu)
  1597 | D:3      | Killed paps's ghost
  1598 | D:3      | Reached skill level 4 in Axes
  1598 | D:3      | Reached skill level 1 in Dodging
  1598 | D:3      | Reached XP level 5. HP: 41/47 MP: 4/4
  1782 | D:3      | Found Zubrexeo's General Store.
  1853 | D:3      | Found Hyruiv's Armour Boutique.
  2108 | D:3      | Reached skill level 5 in Axes
  2182 | D:3      | Noticed Sigmund
  2198 | D:3      | Slain by Sigmund

Illustrated notes

Levels and vault maps discovered:
D:1:      dpeg_arrival_snail, layout_rooms, chequers_serial_rivers_small_b
D:2:      layout_basic
D:3:      layout_rooms, serial_shops, shop, shop, nicolae_shop_back_alley_shop,
          ebering_ghost_reflecting_pool, interstate_on_off,
          minmay_goblin_outpost, uniq_sigmund

Skill      XL: |  1  2  3  4  5 |
---------------+----------------+-----
Fighting       | 4 |  4.7
Axes           | 3 4 5 |  5.0
Armour         | 4 |  4.9
Shields        | 4 |  4.2
Dodging        | 1 |  1.4
Stealth        | |  0.5

Action                     |  1- 3 |  4- 6 || total
---------------------------+-------+-------++-------
  Melee: War axe           |    51 |    62 ||   113
         Headbutt          |     5 |    11 ||    16
    Use: Scroll            |     1 |       ||     1
         Potion            |       |     1 ||     1
 Armour: Scale mail        |    30 |    36 ||    66
  Dodge: Dodged            |    32 |    31 ||    63
  Block: Buckler           |     9 |    10 ||    19

Table legend: (Time is in decaauts)
 A = Elapsed time spent in this place.
 B = Non-inter-level travel time spent in this place.
 C = Inter-level travel time spent in this place.
 D = Time resting spent in this place.
 E = Time spent auto-exploring this place.
 F = Levels seen in this place.
 G = Mean time per level.
                   A        B        C        D        E       F      G
               +--------+--------+--------+--------+--------+-----+--------+
         Total |   2238 |   2166 |     72 |      0 |   1454 |   3 |  746.0 |
       Dungeon |   2238 |   2166 |     72 |      0 |   1454 |   3 |  746.0 |
               +--------+--------+--------+--------+--------+-----+--------+

Top non-repeatable levels by time:
     D:2: 918 daAuts
     D:3: 680 daAuts
     D:1: 639 daAuts
